 Dungeon Crawl Stone Soup version 0.24-a0-284-g9fb9971df1 (webtiles) character file.

Game seed: 8155953779790544731

4539 Redear the Arsonist (level 10, -3/56 HPs)
             Began as an Octopode Fire Elementalist on May 5, 2019.
             Slain by a wolf (7 damage)
             ... on level 7 of the Dungeon.
             The game lasted 00:21:45 (8955 turns).

Redear the Arsonist (Octopode Fire Elementalist)    Turns: 8955, Time: 00:21:46

Health: -3/56      AC:  1    Str:  7    XL:     10   Next: 40%
Magic:  12/22      EV: 13    Int: 21    God:
Gold:   344        SH:  0    Dex: 13    Spells: 9/25 levels left

rFire    . . .     SeeInvis .   k - +0 short sword (flame)
rCold    + . .     Gourm    .   (no shield)
rNeg     . . .     Faith    .   (helmet restricted)
rPois    .         Spirit   .   m - amulet of magic regeneration
rElec    .         Reflect  .   c - ring of protection from cold {rC+}
rCorr    .         Harm     .   (no ring)
MR       .....                  (no ring)
Stlth    +++.......             (no ring)
HPRegen  0.18/turn              (no ring)
MPRegen  0.43/turn              (no ring)
                                (no ring)
                                (no ring)

@: no status effects
A: almost no armour, stealthy swim, amphibious, 8 rings, constrict 8, camouflage
1, gelatinous body 1
a: no special abilities


You were on level 7 of the Dungeon.
You were very hungry.

You visited 2 branches of the dungeon, and saw 9 of its levels.

You collected 344 gold pieces.

Inventory:

Hand Weapons
 k - a +0 short sword of flaming (weapon)
 u - a +3 short sword
Missiles
 Z - 5 throwing nets (quivered) {+f}
Jewellery
 c - a ring of protection from cold (left tentacle) {rC+}
 m - an amulet of magic regeneration (around mantle)
 n - an uncursed ring of protection from magic {unknown}
 t - an uncursed ring of ice {rC+ rF-}
Wands
 v - a wand of random effects (20)
Scrolls
 b - 2 scrolls of acquirement {unknown}
 d - a scroll of noise {unknown}
 e - 5 scrolls of fear {unknown}
 h - 2 scrolls of enchant armour {unknown}
 j - a scroll of magic mapping {unknown}
 l - a scroll of amnesia {unknown}
 q - 2 scrolls of blinking {unknown}
 N - 5 scrolls of remove curse
 R - 4 scrolls of identify {@r1}
 T - 3 scrolls of teleportation
Potions
 a - 2 potions of cancellation {unknown}
 f - 3 potions of resistance {rF+ rC+ rPois rElec rCorr}
 g - 2 potions of agility {unknown}
 i - 4 potions of lignification {unknown}
 o - a potion of magic {unknown}
 p - 4 potions of berserk rage {unknown}
 r - 2 potions of might {Str+5 DMG+1d10 | @q3}
 s - a potion of flight {unknown}
 H - a potion of haste {@q5}
 Q - 2 potions of curing {@q2}
Comestibles
 z - 18 rations


   Skills:
 - Level 2.0 Dodging
 - Level 2.6 Stealth
 + Level 8.2 Spellcasting
 + Level 8.6 Conjurations
 + Level 9.2 Fire Magic


You had 9 spell levels left.
You knew the following spells:

 Your Spells              Type           Power        Failure   Level  Hunger
a - Flame Tongue          Conj/Fire      #####        1%          1    None
b - Throw Flame           Conj/Fire      #####.       1%          2    None
d - Blink                 Tloc           N/A          12%         2    None
e - Fireball              Conj/Fire      #####.....   5%          5    #####..
j - Conjure Flame         Conj/Fire      #####...     1%          3    None
m - Mephitic Cloud        Conj/Pois/Air  ###.....     7%          3    None

Your spell library contained the following spells:

 Spells                   Type           Power        Failure   Level  Hunger
 Magic Dart               Conj           ####         1%          1    None
 Searing Ray              Conj           #####.       1%          2    None
 Sticky Flame             Conj/Fire      #####...     1%          4    ###....
 Iskenderun's Mystic Bla  Conj           #####...     2%          4    ###....
 Inner Flame              Hex/Fire       ####....     3%          3    None
 Dazzling Spray           Conj/Hex       ####..       4%          3    None
 Corona                   Hex            #......      8%          1    None
 Call Imp                 Summ           #.......     12%         2    None
 Ensorcelled Hibernation  Hex/Ice        #.....       12%         2    None
 Slow                     Hex            #.......     12%         2    None
 Force Lance              Conj/Tloc      ####....     13%         4    ###....
 Fulminant Prism          Conj/Hex       ####......   13%         4    ###....
 Confuse                  Hex            #.......     24%         3    None
 Tukima's Dance           Hex            #.......     24%         3    None


Dungeon Overview and Level Annotations

Branches:
Dungeon (8/15)             Temple (1/1) D:6
   Lair: D:8-11

Altars:
Ashenzari
Cheibriados
Dithmenos
Elyvilon
Fedhas
Hepliaklqana
Kikubaaqudgha
Makhleb
Okawaru
Qazlal
Sif Muna
Trog
Uskayaw
Vehumet
Wu Jian
Xom
Yredelemnul

Annotations:
D:4 2 transporters


Innate Abilities, Weirdness & Mutations

You cannot wear most types of armour.
You are very stealthy in the water. (Stealth+)
You are amphibious.
You can wear up to eight rings at the same time.
You can use your tentacles to constrict eight enemies at once.
Your skin changes colour to match your surroundings (Stealth+).
Your rubbery body absorbs attacks. (AC +1, EV +1)


Message History

The wolf barely misses you. The leopard gecko closely misses you.
There is a stone staircase leading up here.
You see here 4 stones.
The wolf bites you! The wolf bites you.
* * * LOW HITPOINT WARNING * * *
The wolf misses you. The leopard gecko bites you.
* * * LOW HITPOINT WARNING * * *
You climb upwards.
There is a stone staircase leading down here.
You take 12 damage, and have 13/56 hp.
MASSIVE DAMAGE!!
The leopard gecko bites you.
* * * LOW HITPOINT WARNING * * *
You take 3 damage, and have 10/56 hp.
The wolf bites you.
* * * LOW HITPOINT WARNING * * *
You take 4 damage, and have 6/56 hp.
You feel better. The wolf bites you!
* * * LOW HITPOINT WARNING * * *
The wolf bites you!
You die...

.......#....#..#.#.#.###########
.†.....#....##.#.#...#.........#
.......#.)..##.#.#...#.#######.#
.......#....##...#...#.# #.....#
.......#....###..#...#.# #.#####
.......#.#### #..#...#.# #.#
.......#.# #.l#...#.# #.#
.......#.# ##h#...#.# #.#
########.#######@##.##.# #.# #
#...............###.# #
############........# #
########## #


You could see a wolf and a leopard gecko.

Vanquished Creatures
  Harold (D:7)
  Pikel (D:5)
  Sigmund (D:6)
  A spriggan (D:7)
  A hungry ghost (D:8)
  A sky beast (D:5)
  An ice beast (D:7)
  2 orc warriors
  2 slaves (D:5)
  6 ogres
  2 phantoms
  A wolf (D:8)
  2 centaurs
  3 big kobolds
  Blork the orc (D:4)
  2 bullfrogs
  A scorpion (D:5)
  A howler monkey (D:5)
  3 crimson imps
  A bullfrog zombie (D:6)
  A centaur zombie (D:7)
  3 orc priests
  A gnoll shaman (D:5)
  3 hounds
  A bullfrog skeleton (D:6)
  2 iguanas
  8 orc wizards
  5 worker ants
  A hound zombie (D:7)
  A worker ant zombie (D:7)
  10 adders
  9 gnolls
  A shadow imp (D:5)
  3 worms
  5 dart slugs
  9 leopard geckos
  24 orcs
  4 bats
  4 giant cockroaches
  12 goblins
  8 hobgoblins
  12 jackals
  21 kobolds
  5 quokkas
  6 frilled lizards
  2 leopard gecko skeletons
  A quokka skeleton (D:6)
  A quokka zombie (D:5)
  11 rats
208 creatures vanquished.

Notes
Turn   | Place    | Note
-------+----------+-------------------------------------------
     0 | D:1      | Redear the Octopode Fire Elementalist began the quest for
                  | the Orb.
     0 | D:1      | Reached XP level 1. HP: 11/11 MP: 3/3
    53 | D:1      | Reached XP level 2. HP: 11/17 MP: 0/5
   378 | D:1      | Reached XP level 3. HP: 21/21 MP: 4/6
   876 | D:2      | Reached skill level 2 in Conjurations
  1306 | D:2      | Reached XP level 4. HP: 15/27 MP: 1/8
  1905 | D:2      | Reached skill level 3 in Spellcasting
  2087 | D:2      | Found a burning altar of Makhleb.
  2089 | D:2      | Found a shadowy altar of Dithmenos.
  2090 | D:2      | Found a basalt altar of Yredelemnul.
  2096 | D:2      | Found a snail-covered altar of Cheibriados.
  2360 | D:3      | Reached skill level 4 in Fire Magic
  2360 | D:3      | Reached XP level 5. HP: 24/31 MP: 2/9
  2555 | D:3      | Learned a level 3 spell: Conjure Flame
  2558 | D:3      | Learned a level 2 spell: Throw Flame
  2561 | D:3      | Learned a level 2 spell: Blink
  2670 | D:3      | Reached skill level 3 in Conjurations
  3702 | D:4      | Reached XP level 6. HP: 25/36 MP: 2/11
  3918 | D:4      | Found a transporter.
  4146 | D:4      | Found a transporter.
  4157 | D:4      | Noticed Blork the orc
  4182 | D:4      | Killed Blork the orc
  4257 | D:4      | Found an iron altar of Okawaru.
  4258 | D:4      | Found a bloodstained altar of Trog.
  4260 | D:4      | Reached skill level 4 in Spellcasting
  4326 | D:5      | Entered Level 5 of the Dungeon
  4446 | D:5      | Reached skill level 5 in Fire Magic
  4447 | D:5      | Reached skill level 4 in Conjurations
  4447 | D:5      | Reached XP level 7. HP: 41/41 MP: 4/13
  4871 | D:5      | Reached skill level 5 in Spellcasting
  4871 | D:5      | Reached XP level 8. HP: 46/46 MP: 9/15
  4876 | D:5      | Reached skill level 5 in Conjurations
  4881 | D:5      | Reached skill level 6 in Fire Magic
  5096 | D:5      | Noticed Pikel
  5232 | D:5      | Killed Pikel
  5232 | D:5      | Reached skill level 6 in Conjurations
  5469 | D:6      | Found a staircase to the Ecumenical Temple.
  5512 | D:6      | Reached skill level 6 in Spellcasting
  5684 | D:6      | Noticed Sigmund
  5811 | D:6      | Reached skill level 7 in Fire Magic
  5856 | D:6      | Reached XP level 9. HP: 21/51 MP: 15/18
  6093 | D:6      | Killed Sigmund
  6582 | D:7      | Learned a level 5 spell: Fireball
  6586 | D:7      | Learned a level 3 spell: Mephitic Cloud
  6751 | D:7      | Noticed Harold
  6762 | D:7      | Killed Harold
  6762 | D:7      | Reached skill level 7 in Spellcasting
  6762 | D:7      | Reached skill level 7 in Conjurations
  6762 | D:7      | Reached skill level 8 in Fire Magic
  7270 | D:7      | Reached skill level 8 in Conjurations
  7270 | D:7      | Reached XP level 10. HP: 44/56 MP: 16/21
  8006 | Temple   | Entered the Ecumenical Temple
  8250 | D:8      | Reached skill level 9 in Fire Magic
  8260 | D:8      | Reached skill level 8 in Spellcasting
  8615 | D:8      | HP: 2/56 [troll (15)]
  8955 | D:7      | HP: 4/56 [wolf (10)]
  8955 | D:7      | Slain by a wolf

Levels and vault maps discovered:
D:1:      dpeg_arrival_stonehenge_8_columns, layout_loops_ring,
          skrybe_limestone_x, chequers_serial_rivers_micro_e, minmay_ruptured
D:2:      layout_rooms, grunt_temple_overflow_open, serial_bayou_pond_e,
          nrook_loot_triangle, st_stairs_13
D:3:      layout_loops_corners, first_ration, minivault_19
D:4:      gammafunk_cloud_chamber, layout_basic,
          grunt_temple_overflow_bloody_war, uniq_blork_the_orc
D:5:      layout_rooms, minmay_misc_feat_x, uniq_pikel
D:6:      layout_loops_cross, minmay_temple_entry_arrows,
          cheibrodos_sewer_entry_bend, chequers_mini_garden, uniq_sigmund
D:7:      layout_basic, the_bakery, uniq_harold
D:8:      layout_loops_ring, grunt_temple_overflow_opulence, erik_lair_island,
          minmay_misc_feat_columns
Temple:   jpeg_temple_clearing

Skill      XL: |  1  2  3  4  5  6  7  8  9 10 |
---------------+-------------------------------+-----
Conjurations   | 2 3 4 6 8 |  8.6
Spellcasting   | 3 4 5 6 7 8 |  8.2
Fire Magic     | 4 5 7 8 9 |  9.2
Dodging        | |  2.0
Stealth        | |  2.6

Action                   |  1- 3 |  4- 6 |  7- 9 | 10-12 || total
-------------------------+-------+-------+-------+-------++-------
Melee: Unarmed           |    39 |    18 |       |       ||    57
       Constrict         |    11 |     4 |     6 |     1 ||    22
       Tentacles         |     7 |     1 |     6 |     2 ||    16
       Short sword       |       |       |    30 |    10 ||    40
 Cast: Flame Tongue      |    53 |   138 |   175 |    91 ||   457
       Throw Flame       |       |     1 |       |       ||     1
       Conjure Flame     |       |       |     3 |     1 ||     4
       Fireball          |       |       |     5 |    17 ||    22
       Blink             |       |       |       |     1 ||     1
Evoke: Wand              |       |       |    11 |       ||    11
  Use: Scroll            |       |       |     6 |       ||     6
       Potion            |       |       |     2 |     3 ||     5
 Stab: Sleeping          |     1 |     1 |     2 |       ||     4
  Eat: Chunk             |     2 |     9 |     4 |     2 ||    17
       Ration            |       |       |     2 |     2 ||     4
Armor: Skin              |     9 |     1 |     3 |     6 ||    19
Dodge: Dodged            |    60 |    37 |    47 |    58 ||   202

Table legend:
 A = Non-vault XP
 B = Vault XP
 C = Vault XP percentage of total XP
 D = Non-vault monster count
 E = Vault monster count
 F = Vault count percentage of total count
                 A         B        C        D         E       F
            +---------+---------+-------+---------+---------+-------
      Total |    4114 |    2371 |  36.6 |     191 |      15 |   7.3
            +---------+---------+-------+---------+---------+-------
        D:1 |      49 |       6 |  10.9 |      29 |       4 |  12.1
        D:2 |      80 |       3 |   3.6 |      26 |       2 |   7.1
        D:3 |     164 |       0 |   0.0 |      20 |       0 |   0.0
        D:4 |     109 |     105 |  49.1 |       9 |       2 |  18.2
        D:5 |     901 |     641 |  41.6 |      31 |       1 |   3.1
        D:6 |     642 |     232 |  26.5 |      19 |       2 |   9.5
        D:7 |    1070 |    1222 |  53.3 |      30 |       2 |   6.2
        D:8 |    1099 |     162 |  12.8 |      27 |       2 |   6.9
            +---------+---------+-------+---------+---------+-------
